 Dungeon Sprint DCSS version 0.24-a0-127-gfc1eed5 (webtiles) character file.

Game seed: 10592295722268554943

104 Faca the Spear-Bearer (level 4, -9/43 HPs)
             Began as a Merfolk Gladiator on Feb 26, 2019.
             Mangled by a fire elemental (11 damage)
             ... summoned by a deep elf mage
             ... in the Dungeon (Sprint III: "The Ten Rune Challenge").
             The game lasted 00:01:40 (473 turns).

Faca the Spear-Bearer (Merfolk Gladiator)            Turns: 473, Time: 00:01:41

Health: -9/43      AC:  4    Str: 14    XL:     4   Next: 80%
Magic:  4/4        EV: 14    Int:  7    God:
Gold:   13         SH:  0    Dex: 16    Spells: 3/3 levels left

rFire    . . .     SeeInvis .   a - +0 trident
rCold    . . .     Gourm    .   (no shield)
rNeg     . . .     Faith    .   b - +0 leather armour
rPois    .         Spirit   .   c - +0 helmet
rElec    .         Reflect  .   (no cloak)
rCorr    .         Harm     .   (no gloves)
MR       .....     NoTele   +   (no boots)
Stlth    +.........             (no amulet)
HPRegen  0.14/turn              (no ring)
MPRegen  0.09/turn              (no ring)

@: liquid flames, glowing
A: change form in water, swift swim, stealthy swim
a: no special abilities


You were in the Dungeon.
You were not hungry.

You visited 1 branch You collected 13 gold pieces.

Inventory:

Hand Weapons
 a - a +0 trident (weapon)
Armour
 b - a +0 leather armour (worn)
 c - a +0 helmet (worn)
Scrolls
 k - a scroll of blinking
 m - a scroll of holy word
 n - 2 scrolls of immolation
 o - a scroll of remove curse
Potions
 e - 2 potions of curing
 g - a potion of heal wounds
 h - a potion of haste
 i - 2 potions of magic
 j - a potion of berserk rage
 l - 4 potions of mutation {unknown}
 p - 4 potions of flight
Comestibles
 f - 3 rations


   Skills:
 + Level 7.3 Fighting
 + Level 10.1 Polearms
 - Level 2.0 Throwing
 - Level 4.0 Dodging


You had 3 spell levels left.
You didn't know any spells.
Your spell library was empty.

Dungeon Overview and Level Annotations

Branches:
Dungeon (1/1)

Altars:
Elyvilon
Zin
The Shining One


Message History

The deep elf mage misses you.
You puncture the deep elf mage!
The deep elf mage is severely wounded.
You are covered in liquid flames!
The deep elf mage mumbles some strange words.
You are too injured to fight recklessly!
You are too injured to fight recklessly!
You are too injured to fight recklessly!
You hit the deep elf mage.
The deep elf mage is severely wounded.
You are covered in liquid flames!
The fire elemental hits you. The fire elemental burns you!
* * * LOW HITPOINT WARNING * * *
You barely miss the deep elf mage.
The deep elf mage is severely wounded.
You are covered in liquid flames!
* * * LOW HITPOINT WARNING * * *
The deep elf mage drinks a potion.
The deep elf mage is healed!
The fire elemental hits you. The fire elemental burns you!
You die...

▓▓▓▓ ▓▓▓ ...#### ##.#####
......#####..#___#
....÷..#..#..#...#
#.##...#..#..###(#+###+##
#.###..##'#..#..........#
##.##..###...'°e@.......#
..##.[####...#.EE######+#
..##..###....#.⌠.#
.##...##.....#.(.#
##....#......#+###
##..##.#.....#
#..#####....# ▓▓▓▓ ▓▓▓▓▓▓


You could see a deep elf mage and 2 fire elementals.

Vanquished Creatures
  A water elemental (D)
  Jessica (D)
  A human (D)
  A phantom (D)
  3 rats (D)
7 creatures vanquished.

Vanquished Creatures (others)
  2 draconian scorchers (D)
  6 hellions (D)
  A yaktaur (D)
9 creatures vanquished.

Grand Total: 16 creatures vanquished

Notes
Turn   | Place    | Note
-------+----------+-------------------------------------------
     0 | D        | Faca the Merfolk Gladiator began the quest for the Orb.
     0 | D        | Reached XP level 1. HP: 16/16 MP: 1/1
    23 | D        | Reached skill level 5 in Polearms
    45 | D        | Killed a yaktaur
    46 | D        | Noticed Jessica
    50 | D        | Killed Jessica
    50 | D        | Reached skill level 5 in Fighting
    50 | D        | Reached skill level 7 in Polearms
    50 | D        | Reached XP level 2. HP: 27/27 MP: 2/2
    50 | D        | Reached XP level 3. HP: 33/33 MP: 3/3
    80 | D        | Reached skill level 8 in Polearms
   118 | D        | Killed a hellion
   155 | D        | Killed a hellion
   180 | D        | Killed a hellion
   203 | D        | Killed a hellion
   203 | D        | Killed a hellion
   203 | D        | Killed a hellion
   253 | D        | Killed a white draconian scorcher
   256 | D        | Killed a white draconian scorcher
   421 | D        | Noticed a water elemental
   430 | D        | Killed a water elemental
   430 | D        | Reached skill level 10 in Polearms
   430 | D        | Reached XP level 4. HP: 40/43 MP: 4/4
   454 | D        | Found a glowing silver altar of Zin.
   454 | D        | Found a glowing golden altar of the Shining One.
   454 | D        | Found a white marble altar of Elyvilon.
   455 | D        | Noticed a deep elf mage
   472 | D        | Noticed a fire elemental
   472 | D        | Noticed a fire elemental
   473 | D        | HP: 2/43 [burnt (4)]
   473 | D        | Mangled by a fire elemental

Levels and vault maps discovered:
D:        dungeon_sprint_mu [sprint_mu_entry_cave, sprint_mu_temple_rooms,
          sprint_mu_d1_spiders, sprint_mu_d2_genie, sprint_mu_d3_branching,
          sprint_mu_orc_legion, sprint_mu_elf_gauntlet, sprint_mu_hive_nellie,
          sprint_mu_lair_fedhas, sprint_mu_vaults_butterflies,
          sprint_mu_slime_circle, sprint_mu_shoals_kraken,
          sprint_mu_snake_twists, sprint_mu_blade_basic,
          sprint_mu_crypt_chambers, sprint_mu_tomb_spiral,
          sprint_mu_vestibule_basic, sprint_mu_gehenna_hellfire,
          sprint_mu_dis_giant, sprint_mu_tartarus_statrot,
          sprint_mu_cocytus_islands, sprint_mu_zot1]

Skill      XL: |  1  2  3 |
---------------+----------+-----
Polearms       | 7 10 | 10.1
Fighting       | 5 7 |  7.3
Throwing       | |  2.0
Dodging        | |  4.0

Action                   |  1- 3 |  4- 6 || total
-------------------------+-------+-------++-------
Melee: Trident           |    51 |    13 ||    64
Throw: Throwing net      |       |     3 ||     3
  Use: Scroll            |     4 |       ||     4
 Stab: Sleeping          |     1 |       ||     1
Armor: Leather armour    |     3 |     2 ||     5
Dodge: Dodged            |    21 |     1 ||    22

Table legend:
 A = Non-vault XP
 B = Vault XP
 C = Vault XP percentage of total XP
 D = Non-vault monster count
 E = Vault monster count
 F = Vault count percentage of total count
                 A         B        C        D         E       F
            +---------+---------+-------+---------+---------+-------
      Total |       0 |     149 | 100.0 |       0 |       7 | 100.0
            +---------+---------+-------+---------+---------+-------
          D |       0 |     149 | 100.0 |       0 |       7 | 100.0
            +---------+---------+-------+---------+---------+-------
